 Dungeon Crawl Stone Soup version 0.31-a0-233-g139696dc86 (webtiles) character file.

Game seed: 12649998497457226144

242 Midn8 the Conjurer (level 6, -7/42 HPs)
             Began as an Octopode Conjurer on July 9, 2023.
             Mangled by a kobold brigand
             ... wielding a +1 dagger of venom
              (9 damage)
             ... on level 3 of the Dungeon.
             The game lasted 00:08:24 (3509 turns).

Midn8 the Conjurer (Octopode Conjurer)              Turns: 3509, Time: 00:08:25

Health: -7/42      AC:  1    Str:  5 (6)  XL:     6   Next: 9%
Magic:  5/12       EV: 13    Int: 19 (22) God:
Gold:   139        SH:  0    Dex:  8 (11) Spells: 10/13 levels left

rFire   . . .        m - +8 whip "Snakebite" {venom, curare, rPois}
rCold   . . .        (no shield)
rNeg    . . .        (helmet restricted)
rPois   +            (no amulet)
rElec   .            (no ring)
rCorr   .            (no ring)
SInv    .            (no ring)
Will    .....        (no ring)
Stlth   +++          (no ring)
HPRegen 0.27/turn    (no ring)
MPRegen 0.13/turn    (no ring)
                     (no ring)

%: no passive effects
@: lethally poisoned (-7 -> -20)
A: almost no armour, amphibious, 8 rings, camouflage 1, gelatinous body 1,
(nimble swimmer 1), tentacles
a: no special abilities


You were on level 3 of the Dungeon.
You visited 1 branch of the dungeon, and saw 5 of its levels.

You collected 139 gold pieces.

Inventory:

Hand Weapons
 d - a +0 trident
 f - a +0 sling
 m - the +8 whip "Snakebite" (weapon) {venom, curare, rPois}
   (You found it on level 5 of the Dungeon)

   rPois:     It protects you from poison.
Jewellery
 p - a ring of positive energy
Scrolls
 h - a scroll of silence {unknown}
 i - a scroll of teleportation {unknown}
 j - a scroll of amnesia
 n - a scroll of brand weapon {unknown}
 o - a scroll of immolation {unknown}
 q - a scroll of butterflies {unknown}
Potions
 a - a potion of magic
 c - a potion of heal wounds {unknown}
 e - a potion of berserk rage {unknown}
 g - a potion of enlightenment {unknown}
 k - a potion of attraction {unknown}
 l - a potion of ambrosia {unknown}
 r - a potion of curing {unknown}


   Skills:
 - Level 3.0 Fighting
 + Level 2.7 Maces & Flails
 - Level 2.0 Dodging
 - Level 2.6 Stealth
 - Level 4.0 Spellcasting
 - Level 4.0 Conjurations


You had 10 spell levels left.
You knew the following spells:

 Your Spells              Type           Power      Damage    Failure   Level
a - Magic Dart            Conj           76%        1d6       2%          1
s - Searing Ray           Conj           38%        2d5       4%          2

Your spell library contained the following spells:

 Spells                   Type           Power      Damage    Failure   Level
 Apportation              Tloc           6%         N/A       14%         1
 Dazzling Flash           Conj/Hex       22%        N/A       19%         3
 Fulminant Prism          Conj/Hex       5%         3d7       52%         4
 Iskenderun's Mystic Bla  Conj/Tloc      11%        2d4       52%         4
 Alistair's Intoxication  Tmut/Pois      2%         N/A       98%         5


Dungeon Overview and Level Annotations

Branches:
Dungeon (5/15)
 Temple: D:4-7

Altars:

Annotations:
D:4 Menkaure


Innate Abilities, Weirdness & Mutations

You cannot wear most types of armour.
You are amphibious.
You can wear up to eight rings at the same time.
Your skin changes colour to match your surroundings (Stealth+).
Your rubbery body absorbs attacks. (AC +1, EV +1)
((You are camouflaged when in or above water. (Stealth+)))
You have tentacles for arms and can constrict up to eight enemies at once.


Message History

The searing ray hits the kobold brigand!
The kobold brigand is moderately wounded.
You finish channelling your searing ray.
You hit the kobold brigand.
The kobold brigand is poisoned.
Your grab misses the kobold brigand.
You squeeze the kobold brigand, but do no damage.
The kobold brigand is severely wounded.
The kobold hits you with a +0 dagger. The kobold brigand closely misses you.
You hit the kobold.
You kill the kobold!
The kobold brigand hits you with a +0 club.
You closely miss the kobold brigand. Your grab misses the kobold brigand.
The kobold brigand is moderately wounded.
The kobold brigand barely misses you.
The kobold brigand hits you with a +1 dagger of venom.
You are poisoned.
You whack the kobold brigand!
The kobold brigand is poisoned.
You grab the kobold brigand.
The kobold brigand is heavily wounded.
You constrict the kobold brigand, but do no damage.
You feel very sick.
The kobold brigand hits you with a +0 club!
The kobold brigand closely misses you.
You hit the kobold brigand.
The kobold brigand is severely wounded.
You constrict the kobold brigand.
You feel sick.
The kobold brigand hits you with a +0 club.
The kobold brigand hits you with a +1 dagger of venom.
* * * LOW HITPOINT WARNING * * *
You are lethally poisoned!
It was a potion of degeneration.
There was something very wrong with that liquid.
You feel weakened.
You feel dopey.
You feel clumsy.
You constrict the kobold brigand, but do no damage.
* * * LOW HITPOINT WARNING * * *
You feel very sick.
The kobold brigand hits you with a +0 club.
* * * LOW HITPOINT WARNING * * *
The kobold brigand hits you with a +1 dagger of venom!
You die...

# #.######### #.#######
#.......## ## #######..# .#
#########.## .#
###.....###..# .#
######........))... .#
...###K).....#####.....# .#
#....)K@...###≈≈≈####### .#
#########)..######~≈~≈~~~~..#
.#
#.......########~~~~~~~~~#..#
.#
#.#####.#<........##~~~###..#
## #.#...#.#....####.######
#..# #.#.#.#......# #.# #..#
#.#.#.###.#).# #.# #..#
#.#.#.# #.#..# #.# #..#
#.#.#.# #.#[.# #.# #..#


You could see 2 kobold brigands.

Vanquished Creatures
  A howler monkey (D:5)
  A jelly (D:5)
  2 iguanas (D:5)
  3 adders (D:3)
  A white imp (D:5)
  3 dart slugs
  4 orcs
  2 bats
  9 endoplasms
  2 giant cockroaches
  11 hobgoblins
  5 jackals
  7 kobolds
  A quokka (D:1)
  5 ball pythons
  7 frilled lizards
  5 goblins
  7 rats
76 creatures vanquished.

Notes
Turn   | Place    | Note
-------+----------+-------------------------------------------
     0 | D:1      | Midn8 the Octopode Conjurer began the quest for the Orb.
     0 | D:1      | Reached XP level 1. HP: 11/11 MP: 3/3
    81 | D:1      | Reached XP level 2. HP: 4/17 MP: 0/5
   369 | D:1      | Learned a level 2 spell: Searing Ray
   481 | D:1      | Reached XP level 3. HP: 21/21 MP: 5/7
  1309 | D:2      | Found a faded altar of an unknown god.
  1941 | D:3      | You fall into a shaft and drop 2 floors!
  1941 | D:5      | Entered Level 5 of the Dungeon
  1945 | D:5      | Found the +8 whip "Snakebite" {venom, curare, rPois}
  1969 | D:5      | Reached skill level 1 in Fighting
  1969 | D:5      | Reached XP level 4. HP: 29/29 MP: 7/10
  2047 | D:5      | Reached XP level 5. HP: 25/35 MP: 9/11
  2339 | D:5      | Reached skill level 1 in Maces & Flails
  2434 | D:5      | Identified the +8 trident of Inference {venom, Int+3}
  2434 | D:5      | Noticed a centaur
  2443 | D:4      | Noticed Menkaure
  2824 | D:3      | Reached XP level 6. HP: 37/42 MP: 8/12
  3509 | D:3      | HP: 2/42 [kobold brigand/+0 club (6)]
  3509 | D:3      | Mangled by a kobold brigand

Illustrated notes

Levels and vault maps discovered:
D:1:      dpeg_arrival_rhombus, layout_basic
D:2:      layout_basic, ebering_ecumenical_altar_sacrificial
D:3:      cheibrodos_thug_alley, layout_basic, chequers_serial_rivers_room_b,
          corner_web_ring
D:4:      layout_basic, st_stairs_13, uniq_menkaure
D:5:      lemuel_ice_spiral_2, layout_basic, st_stairs_4, minmay_puff

Skill      XL: |  1  2  3  4  5 |
---------------+----------------+-----
Spellcasting   | 3 4 |  4.0
Fighting       | 1 2 3 |  3.0
Maces & Flails | 2 |  2.7
Dodging        | |  2.0
Stealth        | |  2.6
Conjurations   | |  4.0

Action                     |  1- 3 |  4- 6 || total
---------------------------+-------+-------++-------
  Melee: Unarmed           |    11 |       ||    11
         Tentacles         |     3 |     3 ||     6
         Constrict         |     3 |     4 ||     7
         Whip              |     2 |    15 ||    17
         Trident           |     1 |       ||     1
   Cast: Magic Dart        |    75 |    49 ||   124
         Searing Ray       |       |     6 ||     6
    Use: Scroll            |     2 |       ||     2
         Potion            |       |     1 ||     1
  Dodge: Dodged            |    13 |     7 ||    20

Table legend: (Time is in decaauts)
 A = Elapsed time spent in this place.
 B = Non-inter-level travel time spent in this place.
 C = Inter-level travel time spent in this place.
 D = Time resting spent in this place.
 E = Time spent auto-exploring this place.
 F = Levels seen in this place.
 G = Mean time per level.
                   A        B        C        D        E       F      G
               +--------+--------+--------+--------+--------+-----+--------+
         Total |   3509 |   3452 |     57 |   1181 |   1676 |   5 |  701.8 |
       Dungeon |   3509 |   3452 |     57 |   1181 |   1676 |   5 |  701.8 |
               +--------+--------+--------+--------+--------+-----+--------+

Top non-repeatable levels by time:
     D:3: 1087 daAuts
     D:1: 1054 daAuts
     D:2: 860 daAuts
     D:5: 490 daAuts
     D:4: 18 daAuts
